Selects Australian Defense Battlegroup
Selects Australian Light Infantry Section
Australian Light Infantry Section
Construct Section Command Post
Australian Light Infantry Section
Australian Light Infantry Section
Selects 2-pounder Anti-tank Gun Team
2-pounder Anti-tank Gun Team
Construct Platoon Command Post
Selects CMP 15cwt Supply Run
6-pounder Anti-tank Gun Team
Construct Company Command Post
Selects Vehicle Over Repair
6-pounder Anti-tank Gun Team
Selects CMP 15cwt Supply Run
Selects Artillery Trip Wire Flares
Selects Reinforced Resource Caches
6-pounder Anti-tank Gun Team
Selects Archer Tank Destroyer